 Dungeon Crawl Stone Soup version 0.32-a0-656-g3542139 (webtiles) character file.

Game seed: 15167417118320744647

8178 fbwer the Destroyer (level 11, -12/56 HPs)
             Began as a Tengu Air Elementalist on Mar 8, 2024.
             Was a Believer of Vehumet.
             Killed from afar by an efreet (35 damage)
             ... with a fireball
             ... on level 9 of the Dungeon.
             The game lasted 00:22:29 (12550 turns).

fbwer the Destroyer (Tengu Air Elementalist)       Turns: 12550, Time: 00:22:29

Health: -12/56     AC:  3    Str:  8    XL:     11   Next: 26%
Magic:  9/22       EV: 32    Int: 22    God:    Vehumet [**....]
Gold:   385        SH:  5    Dex: 15    Spells: 11/24 levels left

rFire   . . .        B - +7 bardiche "Urarghihi" {holy, rPois Int+2}
rCold   . . .        (shield currently unavailable)
rNeg    . . .        a - +0 robe
rPois   +            (helmet restricted)
rElec   .            s - +0 cloak
rCorr   .            (no gloves)
SInv    .            (boots unavailable)
Will    .....        C - amulet of reflection
Stlth   ++           (no ring)
HPRegen 0.29/turn    (no ring)
MPRegen 0.18/turn

%: reflection, acrobat
@: acrobatic, flying
A: beak, talons 3, evasive flight, acrobatic
a: Renounce Religion


You were on level 9 of the Dungeon.
You worshipped Vehumet.
Vehumet was pleased with you.
You visited 1 branch of the dungeon, and saw 10 of its levels.
You also visited: Bailey.

You collected 645 gold pieces.
You spent 260 gold pieces at shops.

Inventory:

Hand Weapons
 h - the +3 rapier of Ofubuhu {flame, Str+2 Int+3}
   (You found it on level 2 of the Dungeon)

   Str+2:     It affects your strength (+2).
   Int+3:     It affects your intelligence (+3).
 B - the +7 bardiche "Urarghihi" (weapon) {holy, rPois Int+2}
   (You found it in a bailey)

   Int+2:     It affects your intelligence (+2).
   rPois:     It protects you from poison.
Missiles
 e - 3 silver javelins
 p - 3 javelins
 w - a curare-tipped dart
 D - 6 atropa-tipped darts
Armour
 a - a +0 robe (worn)
 m - +0 acid dragon scales
 s - a +0 cloak (worn)
 v - a +0 kite shield
Jewellery
 C - an amulet of reflection (around neck)
Wands
 l - a wand of quicksilver (7)
 o - a wand of flame (21)
 u - a wand of paralysis (3)
 y - a wand of roots (16)
 z - a wand of mindburst (18)
Scrolls
 b - 3 scrolls of blinking
 c - 2 scrolls of fog
 f - a scroll of vulnerability
 i - 8 scrolls of teleportation
 j - 3 scrolls of enchant armour
 k - 2 scrolls of silence {unknown}
 n - a scroll of fear
 q - a scroll of poison
 t - a scroll of noise
Potions
 d - 4 potions of curing
 g - 3 potions of cancellation
 r - 3 potions of brilliance
 x - a potion of enlightenment
 A - 2 potions of might {unknown}


   Skills:
 - Level 1.0 Fighting
 - Level 3.0 Dodging
 - Level 2.0 Stealth
 + Level 7.2 Spellcasting
 + Level 13.0 Conjurations
 + Level 12.9 Air Magic
 - Level 5.0 Alchemy
 - Level 3.0 Evocations


You had 11 spell levels left.
You knew the following spells:

 Your Spells              Type           Power      Damage    Failure   Level
a - Shock                 Conj/Air       100%       1d9       1%          1
b - Swiftness             Air            59%        N/A       1%          3
c - Airstrike             Air            29%        2d(5-21)  1%          4
d - Irradiate             Conj/Alch      23%        3d19      5%          5

Your spell library contained the following spells:

 Spells                   Type           Power      Damage    Failure   Level
 Inner Flame              Hex/Fire       7%         N/A       24%         3
 Static Discharge         Conj/Air       100%       3-8/arc   1%          2
 Fulminant Prism          Conj/Alch      23%        3d12      1%          4
 Iskenderun's Mystic Bla  Conj/Tloc      36%        2d9       5%          4
 Slow                     Hex            28%        N/A       9%          1
 Ensorcelled Hibernation  Hex/Ice        14%        N/A       12%         2
 Confusing Touch          Hex            7%         N/A       24%         3
 Gell's Gravitas          Tloc           7%         N/A       24%         3
 Passwall                 Erth           7%         N/A       24%         3
 Sigil of Binding         Hex            7%         N/A       24%         3
 Vampiric Draining        Necr           7%         2d6       24%         3
 Volatile Blastmotes      Fire/Tloc      14%        2d11      24%         3


Dungeon Overview and Level Annotations

Branches:
Dungeon (10/15) Zot: 25098  Temple (0/1) D:7          Bailey (visited)
   Lair: D:8-11         Orc: D:9-12

Altars:
Elyvilon
Hepliaklqana
Kikubaaqudgha
Makhleb
Nemelex Xobeh
Uskayaw
Vehumet
Yredelemnul
Zin

Shops:
D:3 *   D:4 :

Annotations:
D:4 2 transporters, 1lSu2w's ghost, amateur OnAE


Innate Abilities, Weirdness & Mutations

You have a beak for a mouth.
You have claws for feet.
Your magical flight helps you evade attacks. (EV +4)
You can magically evade attacks while moving or waiting.


Message History

The deep elf pyromancer is moderately wounded.
The air twists around and strikes the deep elf pyromancer!!
The deep elf pyromancer is severely wounded.
A cyclops comes into view.
Casting: Airstrike (safe; 1% risk of failure)
Confirm with . or Enter, or press ? or * to list all spells.
Aiming: Airstrike (safe; 1% risk of failure)
Press: ? - help, Dir - move target, f/p - deep elf pyromancer
Aim: a deep elf pyromancer, wielding a +0 short sword (severely wounded, empty space bonus: 4/8)
The air twists around and strikes the deep elf pyromancer!
You kill the deep elf pyromancer!
Vehumet accepts your kill.
You feel your power returning.
A howler monkey comes into view.
The cyclops throws a large rock.
You block the large rock with an invisible shield... and reflect it back!
The large rock hits the cyclops!
Your Conjurations skill increases to level 13!
An efreet comes into view.
It is wielding a +1 scimitar of flaming.
Things that are here:
a +0 robe; a +0 short sword
There is an open door here.
The efreet gestures at you. The bolt of fire misses you.
Casting: Airstrike (safe; 1% risk of failure)
Confirm with . or Enter, or press ? or * to list all spells.
Aiming: Airstrike (safe; 1% risk of failure)
Press: ? - help, Dir - move target, f - efreet
Aim: an efreet, wielding a +1 scimitar of flaming (empty space bonus: 4/8)
The air twists around and strikes the efreet!
The efreet is moderately wounded.
The efreet gestures at you.
The fireball explodes!
The fireball engulfs you!!
Ouch! That really hurt!
You hear a howl!
You hear an angry buzzing noise.
Unknown command.
The efreet gestures at you.
The fireball explodes!
The fireball engulfs you!!
Ouch! That really hurt!
You die...

#.........##.##.####.........
#.........##.#>..........c...
#............))..###.#<#.....
#......##.##[#...# #.#....#[.
######.##.##.#<..# #.####.#!.
####.##.##.#...###......#..
#.....)..#.#.......######..
#.##.#.#.#.#.#.###..# #.#
#.##.#.#.#@#...####.#####.#
#.##.#.#.#.######..........
#....#......).....####.##.#
#########'######### ##.#
##.## #.# #...# # ####R#### #
#.##°##.##○##C #..)[○○.R☼.)h.


You could see an efreet.

Vanquished Creatures
  A deep elf pyromancer (D:9)
  2 orc knights (Bailey)
  Joseph (D:7)
  A hornet (D:10)
  The ghost of Truedra the Ruffian, an amateur DrSh of Wu Jian (D:5)
  4 yaks (D:8)
  2 wyverns (D:8)
  A wraith (D:9)
  Eustachio (D:6)
  2 water moccasins
  2 acid dragons (D:9)
  15 orc warriors
  2 sky beasts
  2 black bears
  4 ogres
  3 centaurs
  3 kobold brigands
  A gnoll sergeant (D:7)
  2 bullfrogs
  6 wights
  4 killer bees
  2 bombardier beetles
  4 howler monkeys (D:7)
  A crimson imp (D:8)
  Crazy Yiuf (D:6)
  A gnoll bouda (D:7)
  5 hounds
  6 orc priests
  4 jellies
  Ijyb (D:4)
  2 iguanas (D:6)
  2 sleepcaps
  Terence (D:2)
  5 orc wizards
  7 adders
  10 gnolls
  A shadow imp (D:7)
  3 white imps
  2 ufetubi (D:6)
  4 ribbon worms
  A dart slug (D:4)
  33 orcs
  9 endoplasms
  13 giant cockroaches
  8 goblins
  4 hobgoblins
  4 jackals
  3 quokkas
  8 ball pythons
  2 bats
  3 frilled lizards
  20 kobolds
  2 rats (D:3)
232 creatures vanquished.

Notes
Turn   | Place    | Note
-------+----------+-------------------------------------------
     0 | D:1      | fbwer the Tengu Air Elementalist began the quest for the
                  | Orb.
     0 | D:1      | Reached XP level 1. HP: 10/10 MP: 4/4
   211 | D:1      | Reached XP level 2. HP: 15/15 MP: 0/6
   269 | D:1      | Reached skill level 2 in Conjurations
   284 | D:1      | You fall into a shaft and drop 1 floor!
   572 | D:2      | Found a faded altar of an unknown god.
   680 | D:2      | Reached XP level 3. HP: 19/19 MP: 2/7
   820 | D:2      | Identified the +3 rapier of Ofubuhu {flame, Str+2 Int+3}
   861 | D:2      | Noticed Terence
   898 | D:2      | Killed Terence
   899 | D:2      | Reached skill level 5 in Air Magic
   899 | D:2      | Reached XP level 4. HP: 5/24 MP: 0/9
  1065 | D:2      | Learned a level 3 spell: Swiftness
  1406 | D:3      | Noticed a +0 dagger
  1406 | D:3      | Noticed a +0 dagger
  1407 | D:3      | Noticed a +0 falchion
  1407 | D:3      | Noticed a +0 spear
  1407 | D:3      | Noticed a +0 short sword
  1407 | D:3      | Noticed a +0 short sword
  1408 | D:3      | Noticed a +0 spear
  1409 | D:3      | Noticed a +0 falchion
  1410 | D:3      | Found a hide-covered altar of Uskayaw.
  1434 | D:3      | Reached XP level 5. HP: 28/28 MP: 4/11
  1670 | D:3      | Found Buiv's Assorted Antiques.
  2294 | D:4      | Reached XP level 6. HP: 32/32 MP: 4/13
  2486 | D:4      | Found a radiant altar of Vehumet.
  2497 | D:4      | Found an ancient bone altar of Kikubaaqudgha.
  2697 | D:4      | Found Tuconk's Self-Published Books.
  2709 | D:4      | Noticed a black bear
  2714 | D:4      | Killed a black bear
  2850 | D:4      | Gained mutation: Your magical flight helps you evade
                  | attacks. (EV +4) [Tengu growth]
  2850 | D:4      | Reached XP level 7. HP: 32/36 MP: 8/14
  2901 | D:4      | Noticed Ijyb
  2911 | D:4      | Killed Ijyb
  3030 | D:4      | Found a transporter.
  3037 | D:4      | Found a transporter.
  3037 | D:4      | Found a white marble altar of Elyvilon.
  3080 | D:4      | Became a worshipper of Vehumet
  3249 | D:4      | Noticed 1lSu2w's ghost (amateur OnAE)
  3336 | D:5      | Entered Level 5 of the Dungeon
  3423 | D:5      | Learned a level 4 spell: Airstrike
  3500 | D:5      | Reached skill level 3 in Conjurations
  3500 | D:5      | Reached skill level 10 in Air Magic
  3508 | D:5      | Reached skill level 4 in Conjurations
  3508 | D:5      | Reached XP level 8. HP: 30/41 MP: 2/15
  3877 | D:5      | Found a runed translucent door.
  3879 | D:5      | Noticed Truedra's ghost (amateur DrSh)
  3923 | D:5      | Reached skill level 5 in Conjurations
  4272 | D:5      | Killed Truedra's ghost
  4273 | D:5      | Reached skill level 7 in Conjurations
  4465 | D:6      | Reached skill level 8 in Conjurations
  4663 | D:6      | Reached skill level 9 in Conjurations
  4774 | D:6      | Found a sparkling altar of Nemelex Xobeh.
  4929 | D:6      | Found a runed translucent door.
  4930 | D:6      | Noticed Crazy Yiuf
  5010 | D:6      | Reached * piety under Vehumet
  5010 | D:6      | Offered knowledge of Sandblast by Vehumet.
  5148 | D:6      | Noticed Eustachio
  5152 | D:6      | Killed Eustachio
  5153 | D:6      | Reached skill level 10 in Conjurations
  5153 | D:6      | Reached XP level 9. HP: 46/46 MP: 5/16
  5373 | D:4      | Bought the Secrets of Modern Magic, Vol. 16 for 260 gold
                  | pieces
  5379 | D:4      | Learned a level 5 spell: Irradiate
  5619 | D:6      | Killed Crazy Yiuf
  5658 | D:7      | Reached skill level 1 in Evocations
  5714 | D:7      | Noticed Joseph
  5854 | D:7      | Killed Joseph
  5855 | D:7      | Reached skill level 1 in Fighting
  5855 | D:7      | Reached skill level 1 in Alchemy
  6543 | D:7      | Found a staircase to the Ecumenical Temple.
  6623 | D:7      | Offered knowledge of Momentum Strike by Vehumet.
  7297 | D:8      | Found a basalt altar of Yredelemnul.
  7312 | D:8      | Reached skill level 5 in Spellcasting
  7312 | D:8      | Reached skill level 11 in Conjurations
  7314 | D:8      | Reached XP level 10. HP: 33/52 MP: 13/18
  7480 | D:8      | Reached ** piety under Vehumet
  8690 | D:8      | Found a burning altar of Makhleb.
  8959 | D:10     | Entered Level 10 of the Dungeon
  9321 | D:10     | Found a flagged portal.
  9335 | Bailey   | Entered a bailey
  9717 | Bailey   | Offered knowledge of Inner Flame by Vehumet.
  9886 | Bailey   | Reached skill level 12 in Conjurations
 10673 | Bailey   | Noticed an orc knight
 10673 | Bailey   | Noticed an orc knight
 10755 | Bailey   | Killed an orc knight
 10934 | Bailey   | Identified the +7 bardiche "Urarghihi" {holy, rPois Int+2}
 11018 | Bailey   | Killed an orc knight
 11019 | Bailey   | Reached XP level 11. HP: 56/56 MP: 21/21
 11276 | D:10     | Found a glowing silver altar of Zin.
 11387 | D:10     | Found a hazy altar of Hepliaklqana.
 11403 | D:10     | Reached skill level 5 in Alchemy
 12536 | D:9      | Noticed a deep elf pyromancer
 12538 | D:9      | Noticed a cyclops
 12539 | D:9      | Killed a deep elf pyromancer
 12540 | D:9      | Reached skill level 13 in Conjurations
 12550 | D:9      | Killed from afar by an efreet

Illustrated notes

Levels and vault maps discovered:
D:1:      erik_arrival_orb_chamber, layout_loops_corners
D:2:      minmay_roachtagon, layout_rooms,
          shapermc_ecumenical_altar_mp_highgroup, uniq_terence
D:3:      layout_basic, nicolae_uskayaw_en_pointe, serial_shops,
          nicolae_shop_tiny_real_fake_doors
D:4:      layout_rooms, nicolae_kikubaaqudgha_miasma_corner,
          mainiacjoe_overflow_brackets, elyvilon_altar_5,
          gammafunk_ghost_gnarly_gnolls, nicolae_custom_books, uniq_ijyb
D:5:      layout_loops_ring, ebering_ghost_reflecting_pool,
          hangedman_abyss_or_decor_stagger, kennysheep_generic_room_4
D:6:      layout_rooms, old_standard_altar, hangedman_abyss_or_decor_stabs,
          chequers_serial_rivers_small_a, uniq_crazy_yiuf_cottage,
          uniq_eustachio
D:7:      nicolae_cairo_tiling_large, layout_basic,
          minmay_temple_entry_sparse_star, uniq_joseph
D:8:      layout_basic, mainiacjoe_overflow_alcove_4, makhleb_grotto_becter,
          hex_tiny, grunt_decor_fettered, minivault_22
D:9:      hangedman_cross_veins, layout_basic, uniq_harold
D:10:     layout_loops_ring, nicolae_gozag_seed_capital,
          mainiacjoe_overflow_small_starburst, amcnicky_altar_gilded,
          orc_0_dummy, enter_bailey_2, kennysheep_generic_room_5

Skill      XL: |  1  2  3  4  5  6  7  8  9 10 11 |
---------------+----------------------------------+-----
Conjurations   | 2 4 10 11 12 13 | 13.0
Spellcasting   | 3 4 5 6 7 |  7.2
Air Magic      | 5 6 8 10 11 12 | 12.9
Dodging        | 3 |  3.0
Evocations     | 3 |  3.0
Fighting       | 1 |  1.0
Alchemy        | 2 4 5 |  5.0
Stealth        | |  2.0

Action                     |  1- 3 |  4- 6 |  7- 9 | 10-12 || total
---------------------------+-------+-------+-------+-------++-------
  Melee: Unarmed           |     8 |       |       |       ||     8
         Peck              |     5 |     2 |     2 |     8 ||    17
         Kick              |     7 |     7 |     3 |    10 ||    27
         Rapier            |     7 |    22 |    20 |    21 ||    70
         Bardiche          |       |       |       |    12 ||    12
  Throw: Javelin           |       |       |       |     3 ||     3
         Dart              |       |       |       |     1 ||     1
   Cast: Shock             |    57 |   114 |   178 |    11 ||   360
         Airstrike         |       |       |    44 |   136 ||   180
         Swiftness         |       |       |       |     2 ||     2
  Evoke: Wand              |       |       |       |    11 ||    11
    Use: Scroll            |       |     2 |     6 |     3 ||    11
         Potion            |       |       |     2 |       ||     2
 Armour: Robe              |     9 |    12 |    35 |    64 ||   120
  Dodge: Dodged            |    35 |    18 |    68 |   118 ||   239
  Block: Other             |       |       |       |    13 ||    13
         Reflection        |       |       |       |     2 ||     2

Table legend: (Time is in decaauts)
 A = Elapsed time spent in this place.
 B = Non-inter-level travel time spent in this place.
 C = Inter-level travel time spent in this place.
 D = Time resting spent in this place.
 E = Time spent auto-exploring this place.
 F = Levels seen in this place.
 G = Mean time per level.
                   A        B        C        D        E       F      G
               +--------+--------+--------+--------+--------+-----+--------+
         Total |  12582 |  11920 |    662 |    593 |   9528 |  11 | 1143.8 |
       Dungeon |  10872 |  10210 |    662 |    520 |   8283 |  10 | 1087.2 |
        Bailey |   1709 |   1709 |      0 |     73 |   1245 |   1 | 1709.0 |
               +--------+--------+--------+--------+--------+-----+--------+

Top non-repeatable levels by time:
     D:8: 1943 daAuts
  Bailey: 1709 daAuts
     D:7: 1475 daAuts
     D:6: 1268 daAuts
     D:4: 1215 daAuts
     D:5: 1111 daAuts
     D:2: 1080 daAuts
    D:10: 1059 daAuts
     D:3: 822 daAuts
     D:9: 612 daAuts
     D:1: 284 daAuts
